 Dungeon Sprint DCSS version 0.29-a0-723-gce39da1c22 (webtiles) character file.

Game seed: 15181787666820299656

630 manyhoops the Cleaver (level 7, -8/62 HPs)
             Began as a Formicid Fighter on June 28, 2022.
             Mangled by a wyvern (11 damage)
             ... in the Dungeon (Sprint II: "The Violet Keep of Menkaure").
             The game lasted 00:00:54 (287 turns).

manyhoops the Cleaver (Formicid Fighter)             Turns: 287, Time: 00:00:55

Health: -8/62      AC:  6    Str: 23    XL:     7   Next: 77%
Magic:  7/7        EV:  9    Int:  7    God:
Gold:   486        SH:  5    Dex: 13    Spells: 6/6 levels left

rFire   . . .      SeeInvis +   a - +0 war axe
rCold   . . .      Faith    .   c - +0 buckler
rNeg    . . .      Spirit   .   b - +0 scale mail
rPois   .          Reflect  .   (helmet unavailable)
rElec   .          Harm     .   (no cloak)
rCorr   .          Rampage  .   (no gloves)
Will    .....                   (no boots)
Stlth   ..........              (no amulet)
HPRegen 0.20/turn               (no ring)
MPRegen 0.10/turn               (no ring)

@: no status effects
A: permanent stasis, dig shafts and tunnels, antennae 3, four strong arms
a: Dig


You were in the Dungeon.
You visited 1 branch You collected 486 gold pieces.

Inventory:

Hand Weapons
 a - a +0 war axe (weapon)
Armour
 b - a +0 scale mail (worn)
 c - a +0 buckler (worn)
Potions
 g - 2 potions of magic


   Skills:
 + Level 8.0 Fighting
 - Level 14.2 Axes
 - Level 3.2 Armour
 - Level 4.0 Shields


You had 6 spell levels left.
You didn't know any spells.
Your spell library was empty.

Dungeon Overview and Level Annotations

Branches:
Dungeon (1/1)

Altars:


Innate Abilities, Weirdness & Mutations

You cannot be hasted, slowed, berserked, paralysed or teleported.
You can dig through walls and to a lower floor.
You have a pair of large antennae on your head. (SInv)
Your four strong arms can wield two-handed weapons with a shield.


Message History

You open the door. 2 wyverns come into view.
The wyvern hisses angrily. x2
Okay, then.
You hit the wyvern.
The wyvern is moderately wounded.
The wyvern bites you!
You hit the wyvern but do no damage.
The wyvern is moderately wounded.
The wyvern bites you!
You barely miss the wyvern.
The wyvern is moderately wounded.
You block the wyvern's attack.
You hit the wyvern but do no damage.
The wyvern is lightly wounded.
The wyvern barely misses you. The wyvern bites you.
You are too injured to fight recklessly!
You are too injured to fight recklessly!
You hit the wyvern.
The wyvern is moderately wounded.
The wyvern bites you!
* * * LOW HITPOINT WARNING * * *
You slash the wyvern!
The wyvern is heavily wounded.
The wyvern bites you!
* * * LOW HITPOINT WARNING * * *
You slash the wyvern!
The wyvern is almost dead.
The wyvern barely misses you.
Okay, then.
You aren't carrying any scrolls.
You slash the wyvern!
You kill the wyvern!
Your Fighting skill gained 3 levels and is now at level 8!
You hit the wyvern but do no damage.
The wyvern bites you but does no damage. x2
You barely miss the wyvern.
The wyvern bites you but does no damage.
You barely miss the wyvern. The wyvern bites you!
You die...

{ {## ## {
##. .##
#..#..# ##
#.# #{
##.###'# .#
#...##.##.#
#.†.<@l#
#...##.##.#
##.###+# .#
## # { { {


You could see a wyvern.

Vanquished Creatures
  A wyvern (D)
  4 scorpions (D)
  4 necrophages (D)
9 creatures vanquished.

Vanquished Creatures (others)
  Menkaure (D)
1 creature vanquished.

Grand Total: 10 creatures vanquished

Notes
Turn   | Place    | Note
-------+----------+-------------------------------------------
     0 | D        | manyhoops the Formicid Fighter began the quest for the Orb.
     0 | D        | Reached XP level 1. HP: 18/18 MP: 1/1
     1 | D        | Noticed a scorpion
     1 | D        | Noticed a scorpion
    17 | D        | Killed a scorpion
    18 | D        | Reached skill level 7 in Axes
    18 | D        | Reached XP level 2. HP: 13/24 MP: 2/2
    18 | D        | Reached XP level 3. HP: 16/29 MP: 3/3
    18 | D        | Reached XP level 4. HP: 20/35 MP: 4/4
    19 | D        | Killed a scorpion
    20 | D        | Reached skill level 9 in Axes
    20 | D        | Reached XP level 5. HP: 18/41 MP: 5/5
    26 | D        | Reached skill level 11 in Axes
    28 | D        | Reached skill level 12 in Axes
    28 | D        | Reached XP level 6. HP: 15/47 MP: 6/6
    47 | D        | Killed Menkaure
   256 | D        | Reached skill level 13 in Axes
   261 | D        | Reached skill level 14 in Axes
   261 | D        | Reached XP level 7. HP: 47/52 MP: 7/7
   269 | D        | Reached skill level 5 in Fighting
   276 | D        | Noticed a wyvern
   276 | D        | Noticed a wyvern
   282 | D        | HP: 2/56 [wyvern (14)]
   284 | D        | Killed a wyvern
   287 | D        | Mangled by a wyvern

Illustrated notes

Levels and vault maps discovered:
D:        the_violet_keep_of_menkaure [sprint2_stairs_cluster_1,
          sprint2_shoproom, sprint2_temple, sprint2_basic_supplies,
          sprint2_obstacle_5, sprint2_obstacle_7, sprint2_obstacle_3,
          sprint2_obstacle_6, sprint2_obstacle_4, sprint2_timed_cluster_1,
          sprint2_smallroom_cluster_1, sprint2_smallroom_final_cluster_1,
          sprint2_transparent_cluster_1, sprint2_second_timed_cluster_1,
          sprint2_sniper_area_1, sprint2_heavy_combat_area_1,
          sprint2_mutation_trap_area_1, sprint2_forest_area_1,
          sprint2_light_combat_area_1, sprint2_behind_water_1,
          sprint2_near_end_vault_1]

Skill      XL: |  1  2  3  4  5  6  7 |
---------------+----------------------+-----
Axes           | 7 9 12 14 | 14.2
Fighting       | 8 |  8.0
Armour         | |  3.2
Shields        | |  4.0

Action                   |  1- 3 |  4- 6 |  7- 9 || total
-------------------------+-------+-------+-------++-------
Melee: War axe           |    13 |    22 |    18 ||    53
  Use: Potion            |     3 |       |       ||     3
Armor: Scale mail        |     5 |     2 |     5 ||    12
Dodge: Dodged            |     6 |     6 |     3 ||    15
Block: Buckler           |     4 |     4 |     3 ||    11

Table legend: (Time is in decaauts)
 A = Elapsed time spent in this place.
 B = Non-inter-level travel time spent in this place.
 C = Inter-level travel time spent in this place.
 D = Time resting spent in this place.
 E = Time spent auto-exploring this place.
 F = Levels seen in this place.
 G = Mean time per level.
                   A        B        C        D        E       F      G
               +--------+--------+--------+--------+--------+-----+--------+
         Total |    287 |    287 |      0 |    211 |      0 |   1 |  287.0 |
       Dungeon |    287 |    287 |      0 |    211 |      0 |   1 |  287.0 |
               +--------+--------+--------+--------+--------+-----+--------+

Top non-repeatable levels by time:
       D: 287 daAuts
